Map: Tokamak LE

Players

KimChiLoVer - Winner!

  • Race: Terran Terran
  • Spawn Location: 7:00

A.I. 1 (Elite)

  • Race: Terran Terran
  • Spawn Location: 1:00

VOD

Have the link to the VOD?

Description

Time

  • Played on: Aug. 5, 2025, 10:20 p.m.
  • Length: 14:25
Show
View Real Time Build Order
Export as new Build Order

KimChiLoVer Terran - Winner!

Build Orders: Reaper Expand 

Get SALT Encoding   

  12  0:00  SCV  
  13  0:12  SCV  
  14  0:16  Supply Depot  
  14  0:25  SCV  
  15  0:38  SCV  
  15  0:40  Barracks  
  16  0:45  Refinery  
  16  0:50  SCV  
  17  1:02  SCV  
  18  1:16  SCV  
  19  1:29  Reaper  
  19  1:30  Orbital Command  
  20  1:38  Command Center  
  20  1:55  SCV, Supply Depot  
  21  2:04  Barracks Reactor  
  21  2:12  SCV  
  22  2:23  Factory  
  22  2:24  Refinery  
  22  2:27  SCV  
  23  2:39  SCV  
  24  2:46  Barracks  
  24  2:49  Barracks  
  24  2:51  SCV  
  24  2:53  Orbital Command  
  24  2:55  Marine x2  
  27  3:04  SCV  
  28  3:16  SCV  
  28  3:21  Factory Tech Lab  
  28  3:22  Marine x2  
  28  3:25  Starport  
  30  3:28  SCV x2  
  32  3:37  Barracks Reactor  
  32  3:40  SCV  
  33  3:50  Factory Reactor  
  33  3:51  Command Center  
  33  3:52  SCV  
  34  3:57  SCV  
  34  4:02  Stimpack  
  35  4:03  Marine, Supply Depot  
  35  4:04  Marine x2  
  38  4:10  SCV  
  38  4:14  Supply Depot  
  38  4:16  Engineering Bay  
  39  4:21  Marine x2  
  39  4:22  Marine  
  39  4:23  Marine x2  
  44  4:31  Medivac x2  
  46  4:35  SCV  
  46  4:36  SCV  
  50  4:43  Engineering Bay  
  50  4:44  Terran Infantry Weapons Level 1  
  50  4:47  SCV  
  50  4:48  SCV  
  52  4:58  Marine x5  
  52  4:59  SCV  
  58  5:04  Orbital Command  
  58  5:12  Terran Infantry Armor Level 1  
  58  5:16  Marine x5, Supply Depot  
  63  5:28  SCV  
  63  5:30  SCV x2  
  63  5:34  Marine x2  
  68  5:40  Barracks x2, Supply Depot  
  68  5:41  SCV  
  68  5:42  SCV, Supply Depot  
  70  5:43  SCV  
  70  5:47  Medivac x2  
  70  5:48  Factory Tech Lab  
  70  5:49  Marine  
  75  5:52  Combat Shield  
  75  5:53  SCV  
  75  5:54  SCV  
  78  6:00  Refinery  
  78  6:01  Refinery  
  58  6:33  SCV  
  58  6:39  Marine x4  
  63  6:42  Command Center  
  63  6:45  Command Center, SCV  
  66  6:51  Barracks Tech Lab  
  66  6:52  Orbital Command, Barracks Tech Lab  
  64  6:54  Medivac x2  
  64  6:55  Siege Tank  
  64  6:56  Marine  
  64  6:57  Marine x4  
  64  6:58  SCV  
  77  7:03  Armory  
  77  7:08  Supply Depot  
  77  7:10  Supply Depot x2  
  77  7:11  Concussive Shells  
  77  7:12  Marauder x2  
  77  7:14  Marauder  
  77  7:15  Marine x3  
  86  7:21  SCV  
  87  7:23  SCV x2  
  89  7:30  Supply Depot  
  89  7:32  Medivac x2  
  89  7:33  SCV  
  89  7:35  SCV  
  95  7:45  SCV, Supply Depot x2  
  95  7:46  Supply Depot  
  96  7:54  SCV  
  96  7:57  SCV  
  96  7:58  Barracks  
  98  7:59  Orbital Command, Barracks x2  
  98  8:04  Medivac  
  100  8:05  Orbital Command  
  100  8:09  SCV  
  100  8:11  SCV x2  
  103  8:21  SCV  
  103  8:25  Starport, Terran Infantry Weapons Level 2  
  103  8:26  Terran Infantry Armor Level 2  
  104  8:27  Terran Vehicle And Ship Armor Level 1  
  104  8:29  Marine x2, Marauder  
  104  8:30  Marauder  
  92  8:44  Marine  
  92  8:45  Marine x2, Marauder  
  92  8:47  Marine x2  
  90  8:49  Orbital Command  
  90  8:51  Marauder x2  
  92  9:09  Marauder  
  94  9:10  Marine x3, Barracks Tech Lab x3  
  94  9:11  Marine  
  94  9:12  Marauder x2  
  94  9:13  Starport Reactor  
  102  9:19  Viking  
  102  9:20  Medivac  
  106  9:31  Marauder  
  108  9:32  Supply Depot  
  108  9:33  Supply Depot  
  108  9:36  SCV x3  
  111  9:44  Marauder x2  
  111  9:45  Marine x2, Marauder x2  
  120  9:49  Siege Tank  
  120  9:50  Orbital Command  
  124  9:54  Refinery  
  124  9:55  Refinery  
  124  10:01  Missile Turret  
  124  10:03  Sensor Tower  
  124  10:08  Marine, Marauder  
  124  10:09  Marine x5, Marauder x2  
  124  10:11  Liberator  
  139  10:16  SCV  
  139  10:17  SCV x3  
  139  10:20  SCV  
  144  10:27  Marine, Marauder x2  
  149  10:29  SCV x4  
  149  10:31  Liberator  
  149  10:32  SCV  
  157  10:41  SCV x3  
  160  10:45  Marine  
  160  10:46  Marine x4, Marauder x2  
  160  10:48  Marine x2  
  160  10:49  Terran Infantry Weapons Level 3, Terran Infantry Armor Level 3  
  171  10:56  Barracks Tech Lab  
  171  11:06  Missile Turret  
  171  11:08  Refinery  
  171  11:10  Refinery  
  171  11:11  Sensor Tower  
  171  11:18  Orbital Command  
  171  11:30  Liberator  
  171  11:31  Medivac x2, Liberator  
  181  11:33  Marine x5, Marauder x2  
  181  11:34  Marine x3  
  193  11:41  Supply Depot  
  193  11:47  SCV x5  
  193  11:51  Marine  
  199  11:59  SCV  
  188  12:14  SCV x5  
  193  12:26  SCV  
  193  12:28  Marine x2  
  193  13:03  Marine, Marauder  
  193  13:04  Marauder x2  
Show
View Real Time Build Order
Export as new Build Order

A.I. 1 (Elite) Terran 

Build Orders: 2 Factory 

Get SALT Encoding   

  12  0:00  SCV  
  13  0:13  SCV  
  14  0:18  Supply Depot  
  14  0:25  SCV  
  15  0:39  SCV  
  16  0:44  Barracks  
  16  0:52  SCV  
  17  1:04  SCV  
  18  1:16  SCV  
  19  1:19  Command Center  
  19  1:33  Orbital Command, Marine  
  20  1:40  Refinery  
  20  1:50  Marine  
  20  1:51  Supply Depot  
  21  1:58  SCV  
  22  2:04  Refinery  
  22  2:08  Marine  
  22  2:13  SCV  
  24  2:25  SCV  
  24  2:26  Marine  
  26  2:31  SCV  
  27  2:42  Factory  
  27  2:43  Orbital Command, SCV  
  28  2:44  Marine  
  29  2:58  Factory, SCV  
  30  3:02  Marine  
  31  3:08  SCV  
  31  3:10  SCV  
  32  3:19  Marine  
  31  3:20  SCV  
  31  3:22  SCV  
  31  3:26  Factory Tech Lab, Supply Depot  
  34  3:33  SCV  
  35  3:34  SCV  
  36  3:42  Factory Tech Lab  
  36  3:44  Siege Tank  
  36  3:45  SCV  
  36  3:46  SCV  
  41  3:57  SCV  
  41  3:58  SCV  
  41  3:59  Supply Depot  
  43  4:03  Siege Tank  
  43  4:09  SCV  
  47  4:10  SCV  
  47  4:16  Supply Depot  
  51  4:17  Siege Tank, Marine  
  51  4:21  SCV  
  51  4:22  SCV  
  54  4:25  Supply Depot  
  54  4:33  SCV  
  54  4:35  SCV  
  56  4:40  Siege Tank  
  56  4:41  Supply Depot  
  56  4:43  Marine  
  56  4:45  SCV  
  61  4:47  SCV  
  61  4:50  Armory  
  62  4:57  SCV  
  62  4:59  SCV, Supply Depot  
  64  5:01  Marine  
  64  5:03  Refinery  
  64  5:05  Refinery  
  65  5:09  SCV  
  65  5:10  Barracks  
  65  5:11  SCV  
  67  5:18  Engineering Bay  
  67  5:20  Barracks Tech Lab  
  67  5:21  SCV  
  67  5:23  SCV  
  69  5:33  SCV  
  69  5:35  SCV  
  71  5:39  Marine  
  71  5:40  Stimpack  
  72  5:44  Missile Turret  
  72  5:46  SCV  
  72  5:47  Starport, SCV  
  72  5:49  Missile Turret  
  74  5:50  Command Center  
  74  5:56  Marine  
  75  5:57  Barracks Tech Lab  
  75  5:58  SCV  
  75  5:59  SCV  
  77  6:10  SCV  
  62  6:11  SCV  
  62  6:15  Marauder, Combat Shield  
  45  6:22  Marine, SCV  
  45  6:23  SCV, Medivac  
  44  6:34  SCV  
  44  6:36  Marine, SCV  
  47  6:45  Marauder  
  47  6:46  SCV  
  50  6:48  SCV  
  51  6:55  Marauder, Starport Reactor  
  51  6:58  SCV  
  54  7:06  Marauder  
  54  7:07  SCV  
  57  7:09  SCV  
  57  7:13  SCV  
  59  7:19  SCV  
  60  7:23  Marauder  
  60  7:25  SCV  
  60  7:27  SCV  
  64  7:31  SCV  
  67  7:37  Marauder, SCV  
  67  7:41  SCV  
  67  7:44  Marine, SCV  
  70  7:49  SCV  
  72  7:56  SCV  
  72  7:58  Marine  
  74  7:59  SCV  
  74  8:01  SCV  
  74  8:02  Marauder  
  78  8:08  SCV  
  79  8:13  SCV x2  
  79  8:16  Marauder  
  79  8:17  Concussive Shells  
  83  8:20  SCV  
  83  8:24  Terran Infantry Weapons Level 1  
  83  8:25  SCV  
  83  8:27  SCV  
  86  8:32  SCV  
  87  8:37  SCV  
  87  8:39  SCV  
  89  8:42  Marine x2  
  89  8:44  SCV  
  69  8:51  SCV  
  69  8:52  SCV  
  71  8:56  SCV  
  71  9:00  Viking, Marine x2  
  76  9:03  SCV  
  76  9:08  SCV  
  76  9:09  SCV  
  67  9:13  Viking  
  67  9:15  SCV  
  70  9:18  Marine x2  
  70  9:20  SCV  
  73  9:27  SCV  
  73  9:28  SCV  
  73  9:30  Viking  
  77  9:32  SCV  
  77  9:36  Marine x2, Barracks  
  80  9:39  Siege Tank, SCV  
  80  9:43  Siege Tank, Viking  
  80  9:45  SCV x2  
  91  9:51  SCV  
  92  9:53  Marine  
  92  9:54  Marauder  
  92  9:56  Missile Turret  
  92  9:57  SCV  
  92  9:58  Orbital Command, Supply Depot  
  96  10:03  SCV  
  96  10:05  Engineering Bay  
  97  10:08  Missile Turret, Medivac  
  97  10:09  SCV  
  97  10:12  Siege Tank, Marauder  
  105  10:15  Marine, SCV, Widow Mine  
  105  10:18  Terran Infantry Armor Level 1  
  105  10:21  SCV  
  110  10:23  Marine, Supply Depot  
  111  10:28  Barracks  
  111  10:30  Terran Infantry Weapons Level 2  
  111  10:33  Missile Turret, Marine, Marauder  
  114  10:36  Command Center  
  114  10:37  Siege Tank  
  114  10:41  Barracks Reactor  
  117  10:45  Widow Mine  
  117  10:47  Supply Depot  
  119  10:50  Marine  
  119  10:52  Missile Turret  
  119  10:55  Marauder  
  122  11:06  Starport, Widow Mine  
  122  11:09  Siege Tank, Marauder  
  122  11:10  Armory  
  129  11:13  Supply Depot  
  129  11:16  Marine  
  129  11:17  Refinery  
  130  11:23  Missile Turret  
  130  11:25  Refinery  
  130  11:28  Widow Mine  
  130  11:32  Barracks  
  132  11:35  Marine, Marauder x2  
  132  11:39  Supply Depot  
  137  11:42  Starport Tech Lab  
  136  11:48  Siege Tank  
  136  11:49  SCV x2  
  136  11:50  SCV, Terran Vehicle Weapons Level 1  
  136  11:52  Refinery  
  136  11:54  Missile Turret  
  142  11:56  Marauder  
  142  11:58  Marauder  
  142  11:59  Planetary Fortress  
  142  12:00  Refinery  
  142  12:01  Marine  
  128  12:02  Missile Turret, Marine, Raven  
  128  12:04  Marine  
  128  12:05  Command Center, Missile Turret  
  95  12:12  Neosteel Armor  
  95  12:17  Marine  
  95  12:18  Marine  
  95  12:19  Marauder  
  95  12:20  Siege Tank, Marine x2  
  95  12:22  Marine  
  105  12:28  Siege Tank  
  108  12:35  Marauder  
  108  12:36  Marine  
  111  12:37  Marine  
  111  12:38  Marine  
  111  12:39  Marine  
  111  12:41  Marauder  
  116  12:46  Viking  
  116  12:49  Viking  
  120  12:52  Siege Tank  
  120  12:53  Viking  
  120  12:54  Marine  
  120  12:55  Marine, SCV  
  120  12:56  Marine, SCV  
  120  12:57  Marauder  
  115  13:00  Siege Tank, SCV  
  115  13:02  Marauder  
  117  13:09  SCV  
  117  13:10  Marine  
  117  13:12  Marine  
  86  13:13  Marine  
  86  13:18  Marauder  
  83  13:23  Marine  
  83  13:24  Siege Tank  
  76  13:30  Marine  
  57  13:40  Marauder  
Tags
 
Add a new tag
Caveats
  • Supply blocks, unpowered buildings, or Contaminate may cause inaccurate times.
  • Supply counts are checked every 10 seconds.